 Dungeon Crawl Stone Soup version 0.23-a0-451-g1044d4c (webtiles) character file.

113878 theanonym the Warrior (level 16, -8/139 HPs)
             Began as a Mummy Warper on Nov 22, 2018.
             Was an Initiate of Gozag.
             Killed by the raging water
             ... invoked by a water nymph
              (19 damage)
             ... on level 2 of the Shoals.
             The game lasted 01:00:50 (34863 turns).

theanonym the Warrior (Mummy Warper)               Turns: 34863, Time: 01:00:50

Health: -8/139     AC: 21    Str: 20    XL:     16   Next: 15%
Magic:  20/20      EV: 12    Int: 11    God:    Gozag
Gold:   3579       SH:  9    Dex: 20    Spells: 5/20 levels left

rFire    + . .     SeeInvis +   a - +9 eveningstar (freeze)
rCold    + + .     Gourm    .   b - +3 buckler
rNeg     + + +     Faith    .   s - +0 plate armour
rPois    ∞         Spirit   .   v - +1 hat "Hohonue" {rPois Regen+ Int-3 SInv}
rElec    +         Reflect  .   C - +1 cloak {rF+}
rCorr    +         Harm     .   K - +2 pair of gloves
MR       ++...                  (no boots)
Stlth    ..........             e - amulet of magic regeneration
HPRegen  0.73/turn              i - ring of flight
MPRegen  0.42/turn              F - ring of Life {Dex+4 SInv}

@: agile, about to teleport, resistant, gold aura, flying, very slightly
contaminated, hasted, glowing, invisible (but backlit and visible), very quick
A: no food or potions, fire vulnerability, cold resistance 1, negative energy
resistance 3, torment resistance, unbreathing, in touch with death 1
a: Potion Petition, Call Merchant, Bribe Branch, Renounce Religion


Innate Abilities, Weirdness & Mutations

You do not eat or drink.
Your flesh is vulnerable to fire.
You are immune to poison.
Your flesh is cold resistant. (rC+)
You are immune to negative energy. (rN+++)
You are immune to unholy pain and torment.
You can survive without breathing.
You are in touch with the powers of death.


   Skills:
 - Level 16.6 Fighting
 - Level 16.0 Maces & Flails
 - Level 0.7 Throwing
 + Level 10.9 Armour
 - Level 1.5 Dodging
 - Level 4.0 Shields
 - Level 2.6 Spellcasting
 - Level 2.4 Translocations


You had 5 spell levels left.
You knew the following spells:

 Your Spells              Type           Power        Failure   Level  Hunger
a - Passage of Golubria   Tloc           N/A          100%        4    N/A
e - Lesser Beckoning      Tloc           #.........   99%         3    N/A
l - Blink                 Tloc           N/A          93%         2    N/A
t - Deflect Missiles      Chrm/Air       #.........   100%        6    N/A

Your spell library contained the following spells:

 Spells                   Type           Power        Failure   Level  Hunger
 Shroud of Golubria       Chrm/Tloc      #.........   98%         2    N/A
 Confusing Touch          Hex            #.....       99%         1    N/A
 Magic Dart               Conj           #...         99%         1    N/A
 Sandblast                Erth           #.....       99%         1    N/A
 Shock                    Conj/Air       #...         99%         1    N/A
 Call Imp                 Summ           #.......     99%         2    N/A
 Passwall                 Tmut/Erth      #.......     99%         2    N/A
 Slow                     Hex            #.......     99%         2    N/A
 Swiftness                Chrm/Air       #.......     99%         2    N/A
 Gell's Gravitas          Tloc           #.........   99%         3    N/A
 Teleport Other           Tloc           #.......     99%         3    N/A
 Confuse                  Hex            #.......     100%        3    N/A
 Conjure Flame            Conj/Fire      #.......     100%        3    N/A
 Mephitic Cloud           Conj/Pois/Air  #.......     100%        3    N/A
 Static Discharge         Conj/Air       #.......     100%        3    N/A
 Stone Arrow              Conj/Erth      #.....       100%        3    N/A
 Airstrike                Air            #.........   100%        4    N/A
 Cause Fear               Hex            #.........   100%        4    N/A
 Petrify                  Tmut/Erth      #.......     100%        4    N/A
 Borgnjor's Vile Clutch   Necr/Erth      #.........   100%        5    N/A
 Iskenderun's Battlesphe  Conj/Chrm      #.......     100%        5    N/A
 Lee's Rapid Deconstruct  Erth           #.........   100%        5    N/A
 Lightning Bolt           Conj/Air       #.........   100%        5    N/A
 Metabolic Englaciation   Hex/Ice        #.........   100%        5    N/A
 Silence                  Hex/Air        #.........   100%        5    N/A
 Yara's Violent Unravell  Hex/Tmut       #.........   100%        5    N/A
 Discord                  Hex            #.........   100%        8    N/A

Skill      XL: |  1  2  3  4  5  6  7  8  9 10 11 12 13 14 15 |
---------------+----------------------------------------------+-----
Maces & Flails | 2 3 4 5 6 8 10 11 13 14 15 16 | 16.0
Fighting       | 3 4 5 7 8 10 11 12 13 15 16 | 16.6
Shields        | 2 4 |  4.0
Armour         | 6 10 | 10.9
Throwing       | |  0.7
Dodging        | |  1.5
Spellcasting   | |  2.6
Translocations | |  2.4

Action                   |  1- 3 |  4- 6 |  7- 9 | 10-12 | 13-15 | 16-18 || total
-------------------------+-------+-------+-------+-------+-------+-------++-------
Melee: Mace              |   164 |   185 |    20 |       |       |       ||   369
       Flail             |       |       |   262 |    22 |       |       ||   284
       Whip              |       |       |   177 |   356 |       |       ||   533
       Eveningstar       |       |       |       |   458 |  1560 |    69 ||  2087
Throw: Tomahawk          |       |     5 |     4 |     4 |       |       ||    13
Invok: Potion Petition   |       |     2 |     1 |       |     8 |     3 ||    14
 Abil: Evoke Flight      |       |       |       |       |     1 |     7 ||     8
Evoke: Wand              |       |       |     8 |     4 |    14 |     2 ||    28
       Lamp of fire      |       |       |       |     1 |     2 |     1 ||     4
  Use: Scroll            |     7 |     3 |     4 |    13 |    13 |     8 ||    48
 Stab: Distracted        |       |       |     1 |     5 |    18 |       ||    24
       Invisible         |       |       |       |       |     3 |     6 ||     9
Armor: Leather armour    |     3 |       |       |       |       |       ||     3
       Ring mail         |    14 |       |       |       |       |       ||    14
       Scale mail        |    68 |   104 |   186 |       |       |       ||   358
       Plate armour      |       |       |    52 |   493 |   722 |    56 ||  1323
       Chain mail        |       |       |       |       |     2 |       ||     2
Dodge: Dodged            |   108 |    86 |   172 |   174 |   354 |    42 ||   936
Block: Buckler           |       |       |       |    64 |   225 |    34 ||   323

Inventory:

Hand Weapons
 a - a +9 eveningstar of freezing (weapon)
   (You acquired it on level 9 of the Dungeon)
Missiles
 f - 51 tomahawks
 l - 3 throwing nets
 q - 4 poisoned tomahawks
 H - 3 tomahawks of dispersal (quivered)
Armour
 b - a +3 buckler (worn)
   (You found it on level 10 of the Dungeon)
 g - a +1 pair of gloves
   (You found it on level 1 of the Dungeon)
 m - the +8 chain mail of the Moon {+Blink rF+++ rC- Dex-4}
   (You found it on level 12 of the Dungeon)

   It affects your dexterity (-4).
   It renders you almost immune to fire.
   It makes you vulnerable to cold.
   It lets you blink.
 s - a +0 plate armour (worn)
   (You found it on level 7 of the Dungeon)
 v - the +1 hat "Hohonue" (worn) {rPois Regen+ Int-3 SInv}
   (You found it in an ice cave)

   It affects your intelligence (-3).
   It protects you from poison.
   It lets you see invisible.
   It increases your rate of regeneration.
 C - a +1 cloak of fire resistance (worn)
   (You found it in a volcano)
 D - a scarf of cloud immunity
   (You found it on level 14 of the Dungeon)
 K - a +2 pair of gloves (worn)
   (You took it off Nikola on level 1 of the Shoals)
Jewellery
 e - an amulet of magic regeneration (around neck)
   (You found it on level 6 of the Lair of Beasts)
 h - an uncursed ring of protection from fire
   (You found it on level 6 of the Dungeon)
 i - a ring of flight (left hand)
   (You acquired it on level 9 of the Dungeon)
 k - an uncursed ring of resist corrosion
   (You found it on level 2 of the Dungeon)
 o - an uncursed ring of ice
   (You took it off Fannar on level 2 of the Lair of Beasts)
 w - an uncursed ring of wizardry
   (You acquired it on level 9 of the Dungeon)
 E - a +1 ring of slaying
   (You found it on level 4 of the Dungeon)
 F - the ring of Life (right hand) {Dex+4 SInv}
   (You acquired it in a bailey)

   [ring of see invisible]

   It affects your dexterity (+4).
   It lets you see invisible.
Wands
 d - a wand of digging (2)
   (You found it on level 14 of the Dungeon)
 p - a wand of iceblast (17)
   (You found it on level 7 of the Dungeon)
 y - a wand of flame (59)
   (You bought it in a shop on level 5 of the Dungeon)
 I - a wand of paralysis (11)
   (You found it on level 1 of the Shoals)
 J - a wand of random effects (10)
   (You bought it in a shop on level 2 of the Orcish Mines)
Scrolls
 c - 3 scrolls of enchant armour
 j - 5 scrolls of immolation
 n - 12 scrolls of remove curse
 r - 5 scrolls of identify
 t - 6 scrolls of teleportation {!r}
 u - 3 scrolls of fear
 A - a scroll of torment {unknown}
 B - 5 scrolls of blinking
 G - 4 scrolls of enchant weapon
Miscellaneous
 x - a lamp of fire (inert)
   (You found it on level 8 of the Dungeon)
 z - a lightning rod (4/4)
   (You found it on level 12 of the Dungeon)
 L - a fan of gales
   (You found it on level 1 of the Shoals)


You were on level 2 of the Shoals.
You worshipped Gozag.
Gozag was most pleased with you.
You were not hungry.

You visited 4 branches of the dungeon, and saw 25 of its levels.
You also visited: Sewer, Bailey, Ice Cave and Volcano.

You collected 10916 gold pieces.
You spent 431 gold pieces at shops.
You paid 6906 gold pieces to Gozag.

Dungeon Overview and Level Annotations

Branches:
Dungeon (15/15)            Temple (0/1) D:7            Lair (6/6) D:9
 Shoals (2/4) Lair:2        Snake (0/4) Lair:3        Slime (0/5) Lair:5
    Orc (2/2) D:11            Elf (0/3) Orc:2        Vaults (0/5) D:13
 Depths: D:15

Altars:
Fedhas
Gozag
Makhleb
Nemelex Xobeh
Okawaru
Ru
Trog
Beogh

Shops:
D:5 *   Orc:2 ![*[   Shoals:2 =

Annotations:
D:15 Louise
Shoals:1 exclusion: Roxanne, Roxanne

...8≈≈≈.≈≈≈≈≈≈≈#
.....≈m..≈≈≈≈≈≈≈#
......≈c≈m≈≈≈≈≈≈#
....∩...≈≈≈≈≈≈≈≈#
......c≈≈≈≈≈≈≈≈≈#
≈≈≈≈..≈≈≈≈≈≈≈≈≈≈#
≈≈≈≈8≈≈≈≈≈≈≈≈≈≈≈#
≈≈≈≈≈≈≈≈≈≈@≈≈≈≈≈# ≈≈
.≈≈≈≈≈≈≈≈≈≈≈≈≈≈≈# ≈≈≈
.....≈%≈≈≈≈≈≈≈≈≈# ≈≈≈.
.....≈≈m≈≈S≈≈≈≈≈# ≈≈...
....Scm≈≈≈≈≈≈≈≈≈#
≈≈≈......t≈≈≈≈≈≈≈≈≈≈≈≈#
........:tm≈≈≈≈≈≈≈≈≈≈≈#
≈.... ...≈≈≈≈≈≈≈≈≈≈≈≈≈#
≈≈.## #.≈≈≈≈≈≈≈≈≈≈≈≈≈


You could see 2 alligator snapping turtles, a merfolk impaler, 2 sea snakes, 2
merfolk, 3 fauns, a merfolk siren and a water nymph.

Notes
Turn   | Place    | Note
-------+----------+-------------------------------------------
     0 | D:1      | theanonym the Mummy Warper began the quest for the Orb.
     0 | D:1      | Reached XP level 1. HP: 16/16 MP: 4/4
   306 | D:1      | Reached skill level 2 in Maces & Flails
   306 | D:1      | Reached XP level 2. HP: 19/22 MP: 5/5
   310 | D:1      | HP: 10/22 [hobgoblin/+0 club (6)]
   555 | D:1      | HP: 11/23 [kobold/+0 short sword (2)]
  1269 | D:2      | Reached XP level 3. HP: 20/28 MP: 7/7
  1921 | D:2      | Found an opulent altar of Gozag.
  1971 | D:2      | Became a worshipper of Gozag Ym Sagoz the Greedy
  1982 | D:3      | theanonym: !stats
  1982 | D:3      | beem: Go start a ? if you want me to know its starting
                  | stats.
  1982 | D:3      | theanonym: !stat mu
  1983 | D:3      | theanonym: !stats mu
  1986 | D:3      | beem: Go start a mu if you want me to know its starting
                  | stats.
  1993 | D:3      | theanonym: !stats muen
  2005 | D:3      | beem: Starting stats for MuEn: Str 11 Int 14 Dex 12. Stat
                  | gain: sid/5
  2501 | D:3      | Found a glowing drain.
  2572 | Sewer    | Entered a sewer
  2601 | Sewer    | Reached skill level 3 in Maces & Flails
  2769 | Sewer    | Reached XP level 4. HP: 34/34 MP: 8/8
  2780 | Sewer    | Reached skill level 3 in Fighting
  2931 | Sewer    | Noticed a bullfrog
  2951 | Sewer    | HP: 16/35 [bullfrog (6)]
  2953 | Sewer    | Killed a bullfrog
  2953 | Sewer    | Reached XP level 5. HP: 19/41 MP: 9/9
  3454 | D:3      | Found a sparkling altar of Nemelex Xobeh.
  3593 | D:4      | Reached skill level 4 in Maces & Flails
  4111 | D:4      | HP: 21/42 [scorpion (7)]
  4141 | D:4      | HP: 19/42 [scorpion (7)]
  4226 | D:3      | HP: 21/42 [scorpion (3)]
  4228 | D:3      | Reached skill level 4 in Fighting
  4228 | D:3      | Reached XP level 6. HP: 24/48 MP: 10/10
  4381 | D:4      | Noticed Pikel
  4381 | D:4      | Noticed a slave
  4381 | D:4      | Noticed a slave
  4381 | D:4      | Noticed a slave
  4381 | D:4      | Noticed a slave
  4660 | D:4      | HP: 7/48 [ogre/+0 giant club (24)]
  4680 | D:4      | HP: 2/48 [ogre/+0 giant club (8)]
  4688 | D:4      | HP: 6/48 [ogre/+0 giant club (23)]
  4690 | D:4      | HP: 2/48 [gnoll shaman/+0 club (4)]
  4717 | D:3      | HP: 3/48 [slave[Pikel] (1)]
  5019 | D:2      | HP: 24/48 [Pikel/+0 whip of flaming (4)]
  5047 | D:2      | HP: 18/48 [Pikel/+0 whip of flaming (9)]
  5048 | D:2      | HP: 8/48 [Pikel/+0 whip of flaming (1)]
  5049 | D:2      | Killed Pikel
  5049 | D:2      | Reached skill level 5 in Fighting
  5049 | D:2      | Reached skill level 5 in Maces & Flails
  5049 | D:2      | Reached XP level 7. HP: 10/56 MP: 11/11
  5592 | D:3      | Found a sparkling altar of Nemelex Xobeh.
  6000 | D:4      | Reached skill level 6 in Maces & Flails
  6418 | D:4      | Reached XP level 8. HP: 63/63 MP: 12/12
  6532 | D:4      | Found the +7 Singing Sword {slice, sonic wave}
  6674 | D:5      | Entered Level 5 of the Dungeon
  6679 | D:5      | Got an ivory mace
  6682 | D:5      | Identified the cursed +1 mace of Doom {venom, Dex+3} (You
                  | found it on level 5 of the Dungeon)
  6697 | D:5      | Reached skill level 6 in Fighting
  6697 | D:5      | Reached skill level 7 in Maces & Flails
  6814 | D:5      | Found Vaha's General Store.
  6820 | D:5      | Bought a wand of flame (11) for 71 gold pieces
  7842 | D:6      | Reached skill level 8 in Maces & Flails
  7913 | D:6      | HP: 29/65 [orc/+0 whip of electrocution (16)]
  8151 | D:6      | Reached skill level 7 in Fighting
  8335 | D:6      | Reached XP level 9. HP: 67/72 MP: 13/13
  8747 | D:7      | Found a sacrificial altar of Ru.
  8748 | D:7      | Found a bloodstained altar of Trog.
  8748 | D:7      | Found a blossoming altar of Fedhas.
  8749 | D:7      | Found a burning altar of Makhleb.
  8905 | D:7      | Found a staircase to the Ecumenical Temple.
  8905 | D:7      | Noticed Joseph
  9049 | D:7      | Killed Joseph
  9049 | D:7      | Reached skill level 9 in Maces & Flails
  9182 | D:7      | HP: 36/73 [centaur (6)]
  9188 | D:7      | HP: 23/73 [ogre/+0 giant spiked club (9)]
  9627 | D:7      | Reached skill level 8 in Fighting
 10015 | D:8      | HP: 36/75 [hornet (9)]
 10021 | D:8      | HP: 22/75 [hornet (3)]
 10028 | D:8      | Reached skill level 10 in Maces & Flails
 10029 | D:8      | HP: 9/75 [hornet (5)]
 10035 | D:8      | HP: 29/75 [hornet (2)]
 10037 | D:8      | Reached XP level 10. HP: 31/82 MP: 14/14
 10044 | D:8      | HP: 27/82 [soldier ant (5)]
 10052 | D:8      | HP: 25/82 [hornet (3)]
 10382 | D:8      | Reached skill level 9 in Fighting
 11017 | D:8      | Reached skill level 11 in Maces & Flails
 11513 | D:8      | HP: 36/84 [yak (11)]
 11978 | D:9      | Found a staircase to the Lair.
 11982 | D:9      | Learned a level 2 spell: Blink
 11986 | D:9      | Learned a level 3 spell: Lesser Beckoning
 11991 | D:9      | Learned a level 4 spell: Passage of Golubria
 12110 | D:9      | HP: 42/85 [gnoll/+0 whip (2)]
 12377 | D:9      | Reached skill level 10 in Fighting
 12537 | D:9      | Reached XP level 11. HP: 83/90 MP: 15/15
 12695 | D:9      | Noticed Erica
 12719 | D:9      | Killed Erica
 12957 | D:9      | Identified 3 scrolls of acquirement
 13005 | D:10     | Entered Level 10 of the Dungeon
 13288 | D:10     | HP: 39/91 [cyclops (15)]
 13292 | D:10     | Reached skill level 12 in Maces & Flails
 13522 | D:10     | Noticed a two-headed ogre
 13526 | D:10     | HP: 42/92 [two-headed ogre/+0 giant club (13)]
 13528 | D:10     | Killed a two-headed ogre
 13739 | D:10     | Found a bloodstained altar of Trog.
 14218 | D:10     | HP: 46/92 [yak (4)]
 15078 | D:11     | Noticed Snorg
 15241 | D:11     | Noticed a two-headed ogre
 15249 | D:11     | Killed a two-headed ogre
 15249 | D:11     | Reached skill level 1 in Shields
 15607 | D:11     | Noticed a cyan ugly thing
 15621 | D:11     | Killed a cyan ugly thing
 15621 | D:11     | Reached skill level 11 in Fighting
 15679 | D:11     | Killed an unseen horror
 15762 | D:11     | Reached skill level 2 in Shields
 15862 | Lair:1   | Entered Level 1 of the Lair of Beasts
 16336 | Lair:1   | Reached skill level 13 in Maces & Flails
 16596 | Lair:2   | Reached XP level 12. HP: 72/100 MP: 16/16
 16675 | Lair:2   | Noticed Fannar
 16699 | Lair:2   | Reached skill level 3 in Shields
 16705 | Lair:2   | Killed Fannar
 16979 | Lair:2   | HP: 48/100 [yak (8)]
 16990 | Lair:2   | HP: 21/100 [yak (11)]
 16998 | Lair:2   | HP: 17/100 [yak (3)]
 17405 | Lair:2   | Found a staircase to the Shoals.
 17622 | Lair:2   | Noticed a four-headed hydra
 17628 | Lair:2   | Killed a four-headed hydra
 17629 | Lair:2   | Reached skill level 4 in Shields
 17837 | Lair:2   | Noticed a five-headed hydra
 17841 | Lair:2   | Killed a five-headed hydra
 17857 | Lair:2   | HP: 47/102 [spiny frog (6)]
 17862 | Lair:2   | Reached skill level 12 in Fighting
 18586 | Lair:2   | Reached skill level 14 in Maces & Flails
 18699 | Lair:2   | Noticed a five-headed hydra
 18708 | Lair:2   | HP: 50/102 [five-headed hydra (11)]
 18709 | Lair:2   | Killed a five-headed hydra
 19315 | Lair:3   | HP: 51/103 [black mamba (12)]
 19513 | Lair:3   | Found a staircase to the Snake Pit.
 19690 | Lair:3   | Gained mutation: You are in touch with the powers of death.
                  | [Mummy growth]
 19690 | Lair:3   | Reached XP level 13. HP: 73/109 MP: 17/17
 20281 | Lair:4   | Found a frozen archway.
 20314 | Lair:4   | HP: 52/109 [blink frog (10)]
 20321 | Lair:4   | HP: 52/109 [white imp/puff of frost (1)]
 20326 | Lair:4   | HP: 47/109 [blink frog (6)]
 20333 | Lair:4   | HP: 46/109 [white imp/puff of frost (1)]
 20338 | Lair:4   | HP: 46/109 [white imp (1)]
 20344 | Lair:4   | HP: 46/109 [yak (1)]
 20357 | Lair:4   | HP: 43/109 [white imp/puff of frost (1)]
 20370 | Lair:4   | HP: 36/109 [yak (2)]
 20397 | Lair:4   | HP: 43/109 [white imp/puff of frost (1)]
 20516 | IceCv    | Entered an ice cave
 20542 | IceCv    | HP: 53/109 [wolf (3)]
 20548 | IceCv    | HP: 45/109 [polar bear (9)]
 20555 | IceCv    | HP: 36/109 [polar bear (11)]
 20556 | IceCv    | HP: 14/109 [polar bear (13)]
 20556 | IceCv    | HP: 2/109 [polar bear (10)]
 21475 | IceCv    | Reached skill level 13 in Fighting
 21475 | IceCv    | Reached skill level 15 in Maces & Flails
 21773 | IceCv    | Noticed a frost giant
 21812 | IceCv    | Killed a frost giant
 21893 | IceCv    | Got an ancient hat
 21894 | IceCv    | Identified the +1 hat "Hohonue" {rPois Regen+ Int-3 SInv}
                  | (You found it in an ice cave)
 22245 | Lair:4   | HP: 54/111 [blink frog (9)]
 22254 | Lair:4   | HP: 31/111 [blink frog (3)]
 22262 | Lair:4   | HP: 24/111 [blink frog (12)]
 22460 | Lair:4   | Found a large runed door.
 22460 | Lair:4   | Found a large runed door.
 22464 | Lair:4   | Noticed Onunosent's ghost (journeyman MiBe)
 24019 | Lair:5   | HP: 51/112 [catoblepas (27)]
 24097 | Lair:5   | HP: 49/112 [manticore (16)]
 24203 | Lair:5   | Reached XP level 14. HP: 101/119 MP: 18/18
 24426 | Lair:5   | Found a staircase to the Slime Pits.
 24478 | Lair:5   | HP: 53/119 [acid (7)]
 24687 | Lair:6   | Entered Level 6 of the Lair of Beasts
 24801 | Lair:6   | Reached skill level 16 in Maces & Flails
 24818 | Lair:6   | Reached skill level 1 in Armour
 24883 | Lair:6   | Reached skill level 14 in Fighting
 24891 | Lair:6   | Reached skill level 2 in Armour
 25042 | Lair:6   | Found a large runed door.
 25043 | Lair:6   | Found a large runed door.
 25046 | Lair:6   | Noticed Pusaoj's ghost (journeyman MiBe)
 25090 | Lair:6   | Found a dark tunnel.
 25098 | Volcano  | Entered a volcano
 25151 | Volcano  | HP: 48/120 [hell hog/fireball (29)]
 25154 | Volcano  | HP: 10/120 [hell hog/fireball (39)]
 25164 | Volcano  | HP: 32/120 [something/ball of steam (5)]
 25456 | Lair:6   | Reached skill level 3 in Armour
 25886 | Lair:6   | HP: 55/121 [death yak (15)]
 25893 | Lair:6   | Reached skill level 4 in Armour
 26331 | Lair:6   | Reached skill level 5 in Armour
 26387 | Lair:6   | Identified the Guide on Earth and Self-Improvement
 26623 | D:11     | HP: 56/121 [Snorg (8)]
 26628 | D:11     | HP: 52/121 [Snorg (6)]
 26632 | D:11     | Killed Snorg
 26690 | D:11     | HP: 51/121 [seven-headed hydra (10)]
 26795 | D:11     | Found a staircase to the Orcish Mines.
 26836 | D:11     | Reached skill level 15 in Fighting
 27259 | D:12     | Got a distressingly furry chain mail
 27270 | D:12     | Identified the +8 chain mail of the Moon {+Blink rF+++ rC-
                  | Dex-4} (You found it on level 12 of the Dungeon)
 27600 | D:12     | Found an iron altar of Okawaru.
 27884 | D:12     | HP: 60/123 [troll (7)]
 28104 | D:13     | Reached skill level 6 in Armour
 28117 | D:13     | Found a gate to the Vaults.
 28629 | D:13     | Noticed Azrael
 28637 | D:13     | Reached XP level 15. HP: 80/129 MP: 19/19
 28653 | D:13     | Killed Azrael
 28655 | D:13     | HP: 58/129 [hell hound[Azrael] (7)]
 29155 | D:14     | Reached skill level 7 in Armour
 29357 | D:14     | Noticed Kirke
 29371 | D:14     | Killed Kirke
 29536 | D:14     | Found a flagged portal.
 29624 | Bailey   | Entered a bailey
 29847 | Bailey   | Got a smoking marble ring
 29848 | Bailey   | Identified the ring of Life {Dex+4 SInv} (You acquired it
                  | in a bailey)
 30334 | Bailey   | Reached skill level 16 in Fighting
 30490 | D:15     | Entered Level 15 of the Dungeon
 30625 | D:15     | Noticed Louise
 30630 | D:15     | HP: 61/131 [centaur warrior/arrow (9)]
 30638 | D:15     | HP: 56/131 [centaur warrior/arrow (4)]
 30856 | Orc:1    | Entered Level 1 of the Orcish Mines
 31192 | Orc:1    | You fall through a shaft!
 31192 | Orc:2    | Entered Level 2 of the Orcish Mines
 31195 | Orc:2    | Reached skill level 8 in Armour
 31382 | Orc:2    | HP: 54/131 [orc priest/divine providence (12)]
 31391 | Orc:2    | HP: 45/131 [orc wizard/magic dart (6)]
 31401 | Orc:2    | HP: 49/131 [orc warrior/+0 halberd (3)]
 31422 | Orc:2    | HP: 46/131 [orc knight/+0 battleaxe (5)]
 31432 | Orc:2    | HP: 36/131 [orc warrior/+0 long sword (2)]
 31781 | Orc:2    | Found a roughly hewn altar of Beogh.
 32057 | Orc:2    | HP: 65/132 [orc knight/+0 long sword (15)]
 32215 | Orc:2    | Found Silen's Distillery.
 32215 | Orc:2    | Found Nouguok's Armour Boutique.
 32217 | Orc:2    | Found Ebla's Antique Armour Shoppe.
 32217 | Orc:2    | Found Negesh's Assorted Antiques.
 32233 | Orc:2    | Bought a scroll of teleportation for 108 gold pieces
 32233 | Orc:2    | Bought a scroll of identify for 72 gold pieces
 32233 | Orc:2    | Bought a scroll labeled KOVYUXZ EKHOA for 36 gold pieces
 32233 | Orc:2    | Bought a copper wand for 144 gold pieces
 32324 | Orc:2    | Found a staircase to the Elven Halls.
 33102 | Lair:4   | Killed Onunosent's ghost
 33209 | Lair:6   | Killed Pusaoj's ghost
 33209 | Lair:6   | Reached skill level 9 in Armour
 33293 | Shoals:1 | Entered Level 1 of the Shoals
 33293 | Shoals:1 | Identified Roxanne's Papyrus of Transmutation
 33293 | Shoals:1 | Noticed Roxanne
 33447 | Shoals:1 | Learned a level 6 spell: Deflect Missiles
 33671 | Shoals:1 | Noticed Nikola
 33683 | Shoals:1 | Killed Nikola
 33683 | Shoals:1 | Reached skill level 10 in Armour
 33695 | Shoals:1 | HP: 58/132 [merfolk javelineer/steel javelin (22)]
 33700 | Shoals:1 | HP: 19/132 [merfolk javelineer/steel javelin (13)]
 33701 | Shoals:1 | Reached XP level 16. HP: 20/139 MP: 20/20
 34078 | Shoals:1 | HP: 62/139 [cyclops/large rock (27)]
 34086 | Shoals:1 | HP: 33/139 [merfolk/+0 trident (8)]
 34092 | Shoals:1 | HP: 46/139 [merfolk siren/+0 spear (12)]
 34444 | Shoals:1 | HP: 63/139 [merfolk javelineer/steel javelin (21)]
 34832 | Shoals:2 | HP: 57/139 [merfolk javelineer/steel javelin (23)]
 34834 | Shoals:2 | HP: 28/139 [merfolk javelineer/steel javelin (19)]
 34840 | Shoals:2 | HP: 52/139 [harpy (5)]
 34845 | Shoals:2 | HP: 22/139 [harpy (5)]
 34850 | Shoals:2 | HP: 5/139 [manticore (15)]
 34859 | Shoals:2 | Found Letsygok's Jewellery Shop.
 34863 | Shoals:2 | Killed from afar by a water nymph

Vanquished Creatures
  Nikola (Shoals:1)
  Kirke (D:14)
  A frost giant (IceCv)
  The ghost of Onunosent the Severer, a journeyman MiBe of Trog (Lair:4)
  The ghost of Pusaoj the Basher, a journeyman MiBe of Trog (Lair:6)
  Azrael (D:13)
  Snorg (D:11)
  2 merfolk javelineers (Shoals:1)
  A fire dragon (Volcano)
  Fannar (Lair:2)
  4 hydras
  Erica (D:9)
  5 catoblepae
  5 two-headed ogres
  A tengu warrior (D:13)
  7 death yaks (Lair:6)
  4 orc high priests (Orc:2)
  A hell hog (Volcano)
  4 sea snakes
  2 unseen horrors
  3 harpies (Shoals:2)
  Pikel (D:2)
  3 deep elf magi
  4 oklob plants (Lair:5)
  4 fauns (Shoals:1)
  10 orc knights
  6 orc sorcerers (Orc:2)
  9 manticores
  4 cyclopes
  3 ugly things
  5 elephants (Lair:5)
  2 centaur zombies
  5 merfolk sirens
  Joseph (D:7)
  A torpor snail (Lair:5)
  3 black mambas
  A gargoyle (D:12)
  2 ice statues (IceCv)
  8 spiny frogs
  3 rime drakes
  A kobold demonologist (D:12)
  9 komodo dragons
  An efreet (D:13)
  3 merfolk (Shoals:1)
  15 polar bears
  A tengu conjurer (D:13)
  8 trolls
  2 wind drakes
  3 meliai (D:13)
  3 hornets (D:8)
  A harpy skeleton (D:14)
  12 blink frogs
  8 dream sheep (Shoals:1)
  11 hippogriffs
  2 snapping turtles (Shoals:1)
  8 spriggans (Lair:2)
  A wraith (D:14)
  4 wyverns
  2 vampires (D:13)
  3 water elementals
  85 yaks
  A hog (D:14)
  3 fire bats (Volcano)
  A steam dragon (Volcano)
  A fire elemental (D:13)
  2 hungry ghosts
  5 wargs
  A soldier ant (D:8)
  2 acid dragons
  18 water moccasins
  5 hell hounds
  7 porcupines
  36 orc warriors
  A black bear (Lair:5)
  5 ice beasts
  3 phantoms
  9 ogres
  3 sky beasts
  5 boggarts (D:14)
  14 centaurs
  12 wolves
  11 crocodiles
  6 big kobolds
  A gnoll sergeant (D:9)
  26 bullfrogs
  A wyvern zombie (D:13)
  10 scorpions
  15 killer bees
  11 wights
  6 howler monkeys
  2 bullfrog zombies
  2 quasits
  9 crimson imps
  4 hounds
  24 orc priests
  A gnoll shaman (D:8)
  4 jellies
  6 centaur skeletons
  A bullfrog skeleton (D:4)
  3 iguanas
  32 orc wizards
  10 worker ants
  A killer bee zombie (D:7)
  A hound zombie (D:8)
  A worker ant zombie (D:6)
  24 gnolls
  16 adders
  A river rat (Lair:3)
  A shadow imp (D:13)
  12 white imps (Lair:4)
  2 oozes
  2 adder skeletons
  2 worms
  2 dart slugs
  5 leopard geckos
  148 orcs
  11 giant cockroaches
  4 goblins
  2 hobgoblins
  4 quokkas
  4 ball pythons
  10 bats
  10 frilled lizards
  25 kobolds
  A leopard gecko zombie (D:8)
  A quokka skeleton (D:4)
  2 rats (D:3)
917 creatures vanquished.

Vanquished Creatures (collateral kills)
  A cyclops (Shoals:1)
  A manticore (Shoals:1)
  2 fauns (Shoals:1)
4 creatures vanquished.

Vanquished Creatures (others)
  A merfolk (Shoals:1)
  A human (D:14)
  A bush (Lair:2)
  6 fungi
  17 plants
26 creatures vanquished.

Grand Total: 947 creatures vanquished

Table legend:
 A = Turns spent in this place as a percentage of turns spent in the entire game.
 B = Non-inter-level travel turns spent in this place as a percentage of non-inter-level travel turns spent in the entire game.
 C = Inter-level travel turns spent in this place as a percentage of turns spent in this place.
 D = Turns resting spent in this place as a percentage of non-inter-level travel turns spent in this place.
 E = Turns spent auto-exploring this place as a percentage of non-inter-level travel turns spent in this place.
 F = Non-inter-level travel turns spent in this place divided by the number of levels of this place that you've seen.
                   A       B       C       D       E      F
               +-------+-------+-------+-------+-------+----------------------
         Total | 100.0 | 100.0 |   4.5 |  34.2 |  45.3 | 1147.6
       Dungeon |  53.8 |  53.9 |   4.4 |  34.2 |  47.3 | 1195.1
          Lair |  26.5 |  26.2 |   5.7 |  34.1 |  47.7 | 1453.3
        Shoals |   4.5 |   4.4 |   7.3 |  33.5 |  39.7 | 728.0
  Orcish Mines |   5.7 |   5.6 |   5.9 |  19.9 |  51.5 | 937.0
         Sewer |   2.2 |   2.3 |   0.0 |  32.2 |  42.3 | 758.0
        Bailey |   2.3 |   2.4 |   0.0 |  36.3 |  25.1 | 785.0
      Ice Cave |   4.2 |   4.4 |   0.0 |  56.0 |  20.3 | 1471.0
       Volcano |   0.8 |   0.9 |   0.0 |  27.6 |  29.0 | 290.0
               +-------+-------+-------+-------+-------+----------------------
